 Dungeon Crawl Stone Soup version 0.22-a0-570-g58866f5 (webtiles) character file.

21 iamserjio the Covered (level 2, -1/19 HPs)
             Began as a Gargoyle Fighter on June 30, 2018.
             Slain by a gnoll
             ... wielding a +0 halberd
              (11 damage)
             ... on level 3 of the Dungeon.
             The game lasted 00:02:05 (309 turns).

iamserjio the Covered (Gargoyle Fighter)             Turns: 309, Time: 00:02:06

Health: -1/19      AC:  9    Str: 24    XL:     2   Next: 87%
Magic:  2/2        EV:  7    Int:  8    God:
Gold:   54         SH:  9    Dex:  9    Spells: 1/1 levels left

rFire    . . .     SeeInvis .   a - +0 war axe
rCold    . . .     Gourm    .   c - +0 shield
rNeg     + . .     Faith    .   b - +0 scale mail
rPois    ∞         Spirit   .   (no helmet)
rElec    +         Reflect  .   (no cloak)
rCorr    .         Harm     .   (no gloves)
MR       .....                  (no boots)
Stlth    ..........             (no amulet)
HPRegen  0.06/turn              (no ring)
MPRegen  0.08/turn              (no ring)

@: mighty
A: negative energy resistance 1, electricity resistance, unbreathing,
petrification resistance, rot immunity, AC +2
a: no special abilities


You were on level 3 of the Dungeon.
You were not hungry.

You visited 1 branch of the dungeon, and saw 3 of its levels.

You collected 54 gold pieces.

Inventory:

Hand Weapons
 a - a +0 war axe (weapon)
Armour
 b - a +0 scale mail (worn)
 c - a +0 shield (worn)
Scrolls
 g - a scroll of identify {unknown}
Potions
 e - a potion of cancellation {unknown}
 h - a potion of resistance {unknown}
Comestibles
 f - 2 rations


   Skills:
 + Level 3.6 Fighting
 + Level 2.1 Axes
 + Level 3.6 Armour
 + Level 3.6 Shields


You had one spell level left.
You didn't know any spells.
Your spell library was empty.

Dungeon Overview and Level Annotations

Branches:
Dungeon (3/15)

Altars:


Innate Abilities, Weirdness & Mutations

You are resistant to torment.
Your stone body is resilient. (AC +2)
You are immune to poison.
You resist negative energy. (rN+)
You are resistant to electric shocks. (rElec)
You can survive without breathing.
You are immune to petrification.
You are immune to rotting.


Message History

There is a stone staircase leading down here.
There is a stone staircase leading down here.
You climb downwards.
There is a stone staircase leading up here.
A frilled lizard and 2 gnolls come into view.
A gnoll is wielding a flail of protection.
The gnoll shouts!
You hear a shout!
An adder comes into view.
A gnoll comes into view. It is wielding a halberd.
The adder hisses angrily.
A gnoll comes into view.
The gnoll shouts!
You feel very mighty all of a sudden.
You closely miss the gnoll. The adder bites you but does no damage.
You barely miss the gnoll. You completely miss the adder. You hit the gnoll.
The gnoll hits you with a flail of protection!
You block the adder's attack.
The gnoll hits you from afar with a halberd!
Ouch! That really hurt!
You die...

..## .# #... .
...#l# ..#. ...
#. #.#
#..####.#######
#....<.l......#
#.#####@g.....#
#gS.....#
#.gg#....
#........
#........
#........
##.....#.
.#.#.#


You could see 4 gnolls, an adder and a frilled lizard.

Vanquished Creatures
  An adder (D:2)
  2 giant cockroaches (D:1)
  3 goblins (D:1)
  3 kobolds (D:1)
  2 bats (D:1)
  2 rats
13 creatures vanquished.

Notes
Turn   | Place    | Note
-------+----------+-------------------------------------------
     0 | D:1      | iamserjio the Gargoyle Fighter began the quest for the Orb.
     0 | D:1      | Reached XP level 1. HP: 14/14 MP: 1/1
   131 | D:1      | Reached XP level 2. HP: 17/19 MP: 2/2
   309 | D:3      | Slain by a gnoll

Vault maps used:
D:1:      roderic_octagonal_star
D:2:      lemuel_upstairs_altar, first_ration, chequers_ecumenical_altar_twisty
D:3:      lemuel_coloured_pillars_altar, dancing_weapons_uskayaw,
          vehumet_crystals

Skill      XL: |  1  2 |
---------------+-------+-----
Axes           | 2 |  2.1
Fighting       | |  3.6
Armour         | |  3.6
Shields        | |  3.6

Action                   || total
-------------------------++-------
Melee: War axe           ||    58
  Use: Potion            ||     1
Armor: Scale mail        ||    35
Dodge: Dodged            ||    21
Block: Shield            ||    35

Table legend:
 A = Spawn XP
 B = Non-spawn XP
 C = Spawn XP percentage of total XP
 D = Spawn monster count
 E = Non-spawn monster count
 F = Spawn count percentage of total count
 G = Total turns spent on level
                    A         B        C        D         E        F      G
               +---------+---------+-------+---------+---------+-------+---------
         Total |       0 |      31 |   0.0 |       0 |      13 |   0.0 |   309
               +---------+---------+-------+---------+---------+-------+---------
           D:1 |       0 |      17 |   0.0 |       0 |      11 |   0.0 |   249
           D:2 |       0 |      14 |   0.0 |       0 |       2 |   0.0 |    54
               +---------+---------+-------+---------+---------+-------+---------
